 Dungeon Crawl Stone Soup version 0.28.0-53-g5a82cb258f (webtiles) character file.

Game seed: 8328665421163916378

795 BeingJoeMalik the Spear-Bearer (level 7, -2/64 HPs)
             Began as a Naga Fighter on June 26, 2022.
             Was a Follower of Okawaru.
             Slain by Natasha (5 damage)
             ... on level 4 of the Dungeon.
             The game lasted 00:12:16 (5654 turns).

BeingJoeMalik the Spear-Bearer (Naga Fighter)       Turns: 5654, Time: 00:12:17

Health: -2/64      AC:  6    Str: 19    XL:     7   Next: 89%
Magic:  16/16      EV:  8    Int:  8    God:    Okawaru [*.....]
Gold:   139        SH:  5    Dex: 15    Spells: 6/6 levels left

rFire   . . .      SeeInvis +   a - +1 trident
rCold   . . .      Faith    .   c - +0 buckler
rNeg    . . .      Spirit   .   j - +0 leather armour of Nyicwel {Dex+3}
rPois   +          Reflect  .   (no helmet)
rElec   .          Harm     .   d - +0 cloak
rCorr   .          Rampage  .   n - +0 pair of gloves
Will    .....                   (no barding)
Stlth   +.........              (no amulet)
HPRegen 0.20/turn               f - ring of wizardry
MPRegen 0.15/turn               g - ring of magical power

@: very slow
A: AC +2, large, see invisible, deformed body, poison resistance, slowness 2,
spit poison 1, naga tail 1
a: Spit Poison, Renounce Religion, Heroism


You were on level 4 of the Dungeon.
You worshipped Okawaru.
Okawaru was aware of your devotion.
You visited 1 branch of the dungeon, and saw 5 of its levels.

You collected 255 gold pieces.
You spent 116 gold pieces at shops.

Inventory:

Hand Weapons
 a - a +1 trident (weapon)
Missiles
 m - 5 curare-tipped darts
 o - 11 poisoned darts
Armour
 b - a +0 scale mail
 c - a +0 buckler (worn)
 d - a +0 cloak (worn)
 j - the +0 leather armour of Nyicwel (worn) {Dex+3}
   (You found it on level 2 of the Dungeon)

   Dex:       It affects your dexterity (+3).
 n - a +0 pair of gloves (worn)
Jewellery
 f - a ring of wizardry (left hand)
 g - a ring of magical power (right hand)
Scrolls
 k - a scroll of teleportation
 t - a scroll of noise
Potions
 e - a potion of mutation
 i - 2 potions of degeneration
 l - a potion of magic
 q - 3 potions of brilliance
 r - a potion of might
 s - a potion of cancellation
 u - 2 potions of curing


   Skills:
 + Level 4.2 Fighting
 + Level 8.1 Polearms
 - Level 2.4 Armour
 + Level 2.6 Shields


You had 6 spell levels left.
You didn't know any spells.
Your spell library contained the following spells:

 Spells                   Type           Power      Damage    Failure   Level
 Apportation              Tloc           0%         N/A       26%         1
 Magic Dart               Conj           0%         1d3       26%         1
 Searing Ray              Conj           0%         2d4       34%         2
 Fulminant Prism          Conj/Hex       0%         3d6       91%         4
 Alistair's Intoxication  Tmut/Pois      0%         N/A       99%         5
 Borgnjor's Vile Clutch   Necr/Erth      0%         N/A       99%         5
 Eringya's Noxious Bog    Tmut/Pois      0%         N/A       100%        6


Dungeon Overview and Level Annotations

Branches:
Dungeon (5/15)             Temple (0/1) D:4

Altars:
Okawaru

Shops:
D:3 *   D:4 ***:

Annotations:
D:4 Natasha


Innate Abilities, Weirdness & Mutations

Your serpentine skin is tough. (AC +2)
You have supernaturally acute eyesight. (SInv)
Armour fits poorly on your strangely shaped body.
Your system is resistant to poisons. (rPois)
You cover ground very slowly.
You can spit poison.
You have a snake-like lower body.


Message History

Okawaru accepts your kill. You block the kobold's attack.
You hit the kobold.
You kill the kobold!
You have got your breath back.
You start resting.
Natasha, Servant of Life and Death comes into view.
You start resting.
Natasha is nearby!
Aiming: Spit Poison (1% risk of failure)
Press: ? - help, Q - select action, (/) - cycle Shift-Dir - straight line, f - Natasha
Aim: Natasha (wandering, hasn't noticed you, 50% to hit)
The splash of poison misses Natasha.
Natasha hisses angrily.
Unknown command.
You puncture Natasha!
Natasha is almost dead.
Natasha drinks a potion.
Natasha is healed!
You barely miss Natasha.
Natasha is moderately wounded.
You block Natasha's attack.
You barely miss Natasha.
Natasha is moderately wounded.
Natasha barely misses you.
You closely miss Natasha.
Natasha is moderately wounded.
Natasha claws you but does no damage.
You completely miss Natasha.
Natasha is moderately wounded.
Natasha claws you.
* * * LOW HITPOINT WARNING * * *
You barely miss Natasha.
Natasha is moderately wounded.
Natasha claws you.
* * * LOW HITPOINT WARNING * * *
You puncture Natasha!
Natasha is almost dead.
You have got your breath back.
Natasha claws you.
You die...

.# #...#.#####....♣(♣.♣....# .#
#..#..# ##..♣.♣.♣.♣...# .#
##..#.# #.♣.♣._÷♣.♣..# .# #.##.#
#..♣.♣.♣.♣...#
.####.##.######...♣.♣.♣...## #
.......<.##........♣.♣....# ##
#.(....####.###)#)..♣...#.# ##.
#.###..# ##.###...........# ##..
....#..###.....#@)######)#####...
#.#....(.h...#.#h...# #.........
#.##...###..........# ###.#.#...
#.#.....##..##.#....# #.......
#.##...###..##.#.#.## #.#.#.#.
#......# #.......#.# #.......
#####.## #########.# ######.####
#[# #.# #.........# ##'## #.#
#.####.##.#


You could see Natasha.

Vanquished Creatures
  A black bear (D:5)
  A sky beast (D:5)
  A centaur (D:5)
  A kobold brigand (D:5)
  A howler monkey (D:4)
  2 hounds
  2 orc priests
  Natasha (twice) (D:4)
  4 orc wizards
  4 adders
  An ufetubus (D:4)
  3 worms
  A dart slug (D:1)
  12 orcs
  9 bats
  2 endoplasms (D:1)
  A giant cockroach (D:1)
  13 goblins
  10 hobgoblins
  3 quokkas
  11 ball pythons
  5 frilled lizards
  12 kobolds
  14 rats
116 creatures vanquished.

Vanquished Creatures (others)
  A fungus (D:2)
  6 plants
7 creatures vanquished.

Grand Total: 123 creatures vanquished

Notes
Turn   | Place    | Note
-------+----------+-------------------------------------------
     0 | D:1      | BeingJoeMalik the Naga Fighter began the quest for the Orb.
     0 | D:1      | Reached XP level 1. HP: 21/21 MP: 1/1
   141 | D:1      | Reached XP level 2. HP: 20/28 MP: 2/2
   406 | D:1      | Reached skill level 3 in Polearms
   555 | D:1      | Reached XP level 3. HP: 34/34 MP: 3/3
  1341 | D:2      | Reached skill level 4 in Polearms
  1642 | D:2      | Reached XP level 4. HP: 35/42 MP: 4/4
  1720 | D:2      | Identified the +0 leather armour of Nyicwel {Dex+3}
  1770 | D:2      | Found a faded altar of an unknown god.
  2259 | D:3      | Found Ovaenyh's General Store.
  2584 | D:3      | Reached skill level 5 in Polearms
  2584 | D:3      | Reached XP level 5. HP: 7/49 MP: 5/5
  2938 | D:4      | Found an iron altar of Okawaru.
  2945 | D:4      | Became a worshipper of Warmaster Okawaru
  3133 | D:4      | Reached XP level 6. HP: 49/56 MP: 6/6
  3374 | D:4      | Reached skill level 6 in Polearms
  3852 | D:4      | Found Ynluwn's Assorted Antiques.
  3852 | D:4      | Found Ecruacush's General Store.
  3926 | D:4      | Found Qofelegg's Book Shoppe.
  3926 | D:4      | Found Buthanig's General Store.
  3928 | D:4      | Bought a scroll labelled PUIGUI SILIAWE for 31 gold pieces
  3928 | D:4      | Bought a metallic emerald potion for 27 gold pieces
  3928 | D:4      | Bought a scroll labelled NISTOENOXA for 31 gold pieces
  3928 | D:4      | Bought a metallic emerald potion for 27 gold pieces
  4057 | D:4      | Found a staircase to the Ecumenical Temple.
  4100 | D:4      | Noticed Natasha
  4106 | D:4      | Killed Natasha
  4352 | D:5      | Entered Level 5 of the Dungeon
  4543 | D:5      | Noticed a black bear
  4555 | D:5      | Killed a black bear
  4556 | D:5      | Reached skill level 7 in Polearms
  4556 | D:5      | Reached XP level 7. HP: 49/62 MP: 7/7
  4818 | D:4      | Noticed Natasha
  4821 | D:4      | Killed Natasha
  4821 | D:4      | Reached * piety under Okawaru
  5477 | D:5      | Reached skill level 8 in Polearms
  5605 | D:5      | HP: 3/64 [hobgoblin/+0 whip (2)]
  5618 | D:5      | HP: 2/64 [kobold/+0 dagger (2)]
  5630 | D:4      | Noticed Natasha
  5653 | D:4      | HP: 3/64 [Natasha (4)]
  5654 | D:4      | Slain by Natasha

Illustrated notes

Levels and vault maps discovered:
D:1:      lemuel_arrival_behind_the_door_small, layout_loops_ring,
          serial_rivers, chequers_serial_rivers_small_b,
          chequers_serial_rivers_micro_d, chequers_serial_rivers_room_a,
          chequers_serial_rivers_micro_b, chequers_serial_rivers_micro_b,
          minmay_rat_gold_closets
D:2:      layout_loops_corners, shapermc_ecumenical_altar_acropolis
D:3:      layout_rooms, serial_shops, shop
D:4:      layout_loops_corners, okawaru_trees_2,
          minmay_temple_entry_enclosed_plants, minmay_shop_grid_forest,
          grunt_decor_resistance, uniq_natasha
D:5:      cheibrodos_thug_alley, layout_cave_pods, minmay_hedge_maze

Skill      XL: |  1  2  3  4  5  6  7 |
---------------+----------------------+-----
Polearms       | 3 4 5 7 8 |  8.1
Fighting       | 4 |  4.2
Armour         | |  2.4
Shields        | |  2.6

Action                   |  1- 3 |  4- 6 |  7- 9 || total
-------------------------+-------+-------+-------++-------
Melee: Trident           |   114 |   169 |    58 ||   341
 Abil: Spit Poison       |    16 |    18 |    13 ||    47
  Use: Scroll            |       |    12 |     2 ||    14
       Potion            |       |     3 |       ||     3
Armor: Scale mail        |    51 |     1 |       ||    52
       Leather armour    |       |    44 |    22 ||    66
Dodge: Dodged            |    41 |    71 |    28 ||   140
Block: Buckler           |    25 |    30 |    23 ||    78
